 Dungeon Crawl Stone Soup version 0.20.1-1-g8b1a95d (webtiles) character file.

271 ReignOfFire the Slasher (level 6, -4/46 HPs)
             Began as a Demonspawn Gladiator on July 27, 2017.
             Killed by divine providence
             ... invoked by an orc priest
              (16 damage)
             ... on level 4 of the Dungeon.
             The game lasted 00:04:26 (3326 turns).

ReignOfFire the Slasher (Demonspawn Gladiator)      Turns: 3326, Time: 00:04:26

Health: -4/46      AC:  6    Str: 14    XL:     6   Next: 2%
Magic:  6/6        EV: 13    Int: 10    God:
Gold:   96         SH:  3    Dex: 16    Spells: 5/5 levels left

rFire    + . .     SeeInvis .   a - +0 long sword
rCold    . . .     Gourm    .   (no shield)
rNeg     . . .     Faith    .   b - +0 leather armour
rPois    .         Spirit   .   c - +0 helmet
rElec    .         Reflect  +   (no cloak)
rCorr    .         Harm     .   (no gloves)
MR       .....                  (no boots)
Stlth    +++.......             m - +3 amulet of reflection
Regen    0.2/turn               u - ring of protection from fire
MPRegen  0.1/turn               (no ring)

@: no status effects
A: claws 1, yellow scales 1, nightstalker 1, spiny 1
a: no special abilities


You were on level 4 of the Dungeon.
You were hungry.

You visited 1 branch of the dungeon, and saw 4 of its levels.

You collected 96 gold pieces.

Inventory:

Hand Weapons
 a - a +0 long sword (weapon)
Missiles
 d - a throwing net (quivered)
Armour
 b - a +0 leather armour (worn)
 c - a +0 helmet (worn)
Jewellery
 m - a +3 amulet of reflection (around neck)
 u - a ring of protection from fire (left claw)
Wands
 i - a wand of polymorph (12/24)
 l - a wand of random effects (28/48)
Scrolls
 e - a scroll of blinking {unknown}
 g - a scroll of magic mapping {unknown}
 j - a scroll of enchant armour {unknown}
 n - a scroll of teleportation {unknown}
 p - a scroll of recharging {unknown}
 q - 2 scrolls of immolation {unknown}
 s - a scroll of fog {unknown}
 v - a scroll of identify {unknown}
 w - 2 scrolls of remove curse {unknown}
Potions
 k - 4 potions of curing
 r - 2 potions of heal wounds
 t - a potion of degeneration {unknown}
Comestibles
 f - 2 bread rations
 h - 2 royal jellies
 o - 5 chunks of flesh


   Skills:
 + Level 2.9 Fighting
 + Level 4.3 Long Blades
 + Level 2.0 Throwing
 + Level 1.9 Armour
 + Level 3.6 Dodging
 + Level 1.4 Stealth


You had 5 spell levels left.
You didn't know any spells.

Dungeon Overview and Level Annotations

Branches:
Dungeon (4/15)
 Temple: D:4-7

Altars:
Ashenzari
Dithmenos
Uskayaw
Xom
The Shining One

Annotations:
D:4 Dowan


Innate Abilities, Weirdness & Mutations

You have sharp fingernails.
You are partially covered in yellow scales. (AC +2)
You are slightly more attuned to the shadows.
You are partially covered in sharp spines.


Message History

Dowan gestures wildly while chanting.
Dowan blinks!
Unknown command.
You catch the helpless Duvessa completely off-guard!
You hit Duvessa.
You kill Duvessa!
Dowan screams, "No!
Oh no!"
Dowan seems to find hidden reserves of power!
Your Throwing skill increases to level 2!
You have reached level 6!
Your experience leads to an increase in your attributes!
Increase (S)trength, (I)ntelligence, or (D)exterity?
You feel agile.
Your demonic ancestry asserts itself...
Yellow scales grow over part of your body.
The orc priest miscasts a cantrip.
Dowan casts a spell.
Dowan blinks!
The orc priest invokes the aid of Beogh against you.
Beogh smites you!
You die...

.. ########
....#.<)...#
......@###.#
......o....#
.......#####
.......#
.....ยง.#
.......#
.......#


You could see an orc priest.

Vanquished Creatures
  Duvessa (D:4)
  An orc priest (D:3)
  Ijyb (D:3)
  3 adders
  An ooze (D:3)
  A worm (D:2)
  2 dart slugs
  6 orcs (D:3)
  6 giant cockroaches
  3 goblins
  9 hobgoblins
  4 jackals (D:1)
  7 kobolds
  A quokka (D:2)
  A ball python (D:1)
  2 bats
  5 frilled lizards
  14 rats
68 creatures vanquished.

Notes
Turn   | Place    | Note
-------+----------+-------------------------------------------
     0 | D:1      | ReignOfFire the Demonspawn Gladiator began the quest for the Orb.
     0 | D:1      | Reached XP level 1. HP: 16/16 MP: 1/1
   262 | D:1      | Gained mutation: You have sharp fingernails. [demonic ancestry]
   262 | D:1      | Reached XP level 2. HP: 22/22 MP: 2/2
   439 | D:1      | Reached skill level 3 in Long Blades
   705 | D:2      | Found a hide-covered altar of Uskayaw.
   857 | D:2      | Reached XP level 3. HP: 21/28 MP: 3/3
  1262 | D:2      | Found a shattered altar of Ashenzari.
  1262 | D:2      | Found a glowing golden altar of the Shining One.
  1263 | D:2      | Found a shimmering altar of Xom.
  1945 | D:3      | Gained mutation: You are slightly more attuned to the shadows. [demonic ancestry]
  1945 | D:3      | Reached XP level 4. HP: 34/34 MP: 4/4
  2051 | D:3      | Noticed Ijyb
  2086 | D:3      | HP: 1/34 [poisoned by Ijyb]
  2121 | D:3      | Killed Ijyb
  2444 | D:3      | Found a shadowy altar of Dithmenos.
  2559 | D:3      | Reached skill level 1 in Armour
  2987 | D:4      | Noticed Duvessa
  2994 | D:3      | Reached skill level 4 in Long Blades
  2994 | D:3      | Reached skill level 1 in Stealth
  2994 | D:3      | Gained mutation: You are partially covered in sharp spines. [demonic ancestry]
  2994 | D:3      | Reached XP level 5. HP: 16/39 MP: 5/5
  3200 | D:4      | Noticed Dowan
  3325 | D:4      | Killed Duvessa
  3325 | D:4      | Gained mutation: You are partially covered in yellow scales. (AC +2) [demonic ancestry]
  3325 | D:4      | Reached XP level 6. HP: 12/46 MP: 6/6
  3326 | D:4      | Killed from afar by an orc priest

Skill      XL: |  1  2  3  4  5 |
---------------+----------------+-----
Long Blades    | 3 4 |  4.3
Dodging        | 3 |  3.6
Armour         | 1 |  1.9
Stealth        | 1 |  1.4
Throwing       | 2 |  2.0
Fighting       | |  2.9

Action                   |  1- 3 |  4- 6 || total
-------------------------+-------+-------++-------
Melee: Long sword        |   127 |    84 ||   211
       Unarmed           |       |     8 ||     8
Throw: Throwing net      |       |     2 ||     2
  Use: Potion            |       |     4 ||     4
 Stab: Sleeping          |     3 |     5 ||     8
       Distracted        |       |     1 ||     1
       Held in net/web   |       |     4 ||     4
  Eat: Chunk             |     3 |     4 ||     7
Armor: Leather armour    |    27 |    12 ||    39
Dodge: Dodged            |    91 |    56 ||   147
Block: Other             |       |     9 ||     9
       Rpst.: Long sword |    27 |    15 ||    42
